| Goals | Penalties |
1. Canucks , Andreas Athanasiou 10 (Olle Lycksell 11, Nils Aman 19) at 18:56 (PP)
2. Islanders , Ben Meyers 6 (Mason Shaw 8) at 19:04
|
Ben Meyers (NYI) for Hooking (Minor) at 17:20
|
3. Islanders , Jackson Cates 5 (Ethan Del Mastro 10, Dylan Coghlan 9) at 0:33
4. Canucks , Austin Watson 9 (Nils Aman 20, Jesse Puljujarvi 16) at 1:25
5. Canucks , Jesse Puljujarvi 19 (Austin Watson 11, Michael Benning 3) at 7:17 (PP)
6. Canucks , Jesse Puljujarvi 20 (Torey Krug 14, Austin Watson 12) at 7:30
7. Canucks , Oliver Okuliar 1 (Jesse Puljujarvi 17) at 8:44
8. Islanders , Ryan Schmelzer 7 (Ben Meyers 12) at 11:33 (PP)
|
Ethan Del Mastro (NYI) for Hooking (Minor) at 6:49 Torey Krug (VAN) for Roughing (Minor) at 11:28 Mason Shaw (NYI) for Tripping (Minor) at 14:08 Anton Blidh (VAN) for Interference (Minor) at 16:58
|
9. Canucks , Jesse Puljujarvi 21 (Nils Aman 21, Austin Watson 13) at 1:33 (PP)
10. Canucks , Nils Aman 6 (Torey Krug 15, Austin Watson 14) at 6:08 (PP)
|
Brendan Warren (NYI) for High sticking (Minor) at 0:41 Ryan Schmelzer (NYI) for Cross-checking (Minor) at 2:59 Tyler Madden (NYI) for Tripping (Minor) at 5:53 Dylan Duke (VAN) for Tripping (Minor) at 17:47
|
|
Marcus Hogberg (NYI), 15 saves from 19 shots - (0,789), L, 4-10-2, 27:30 minutes Dennis Hildeby (NYI), 11 saves from 14 shots - (0,786), 32:30 minutes
Cayden Primeau (VAN), 17 saves from 20 shots - (0,850), W, 12-7-1, 60:00 minutes
|
|
1 - Jesse Puljujarvi (VAN)
2 - Austin Watson (VAN)
3 - Nils Aman (VAN)
|
Referees : Chris Rumble and Marie-Eve Couture
Linesman : Michel Cormier and Jonathan Deschamps
|
|
Dennis Hildeby enters game at 7:30 of 2nd period
Jesse Puljujarvi has scored a Hat Trick!
|
| Team Name |
Goals |
Shots |
Shots Attemp |
Shots Blocked |
PIM |
HIT |
PP |
PK |
FO% |
| Islanders |
3 | 20 | 35 | 7 | 12 | 18 | 1 / 3 (33%) | 4 | 53% |
| Canucks |
7 | 33 | 59 | 7 | 6 | 23 | 4 / 6 (67%) | 1 | 47% |
Islanders
| Player Name |
POS |
G |
A |
P |
+/- |
PIM |
HIT |
SHT |
SB |
MP |
PP MP |
PP SHT |
PK MP |
PK SHT |
FO% |
FOT |
GA |
TA |
| Artyom Levshunov | D | 0 | 0 | 0 | 0 | 0 | 1 | 0 | 0 | 16:11 | 1:21 | 0 | 0:22 | 0 | 0% |
0 | 0 | 0 |
| Ben Meyers | C/LW | 1 | 1 | 2 | -1 | 2 | 1 | 3 | 0 | 26:11 | 2:18 | 0 | 3:05 | 0 | 70% |
20 | 0 | 0 |
| Brandon Gignac | C | 0 | 0 | 0 | 0 | 0 | 1 | 2 | 1 | 17:26 | 0:23 | 0 | 0:34 | 0 | 50% |
2 | 0 | 0 |
| Brendan Warren | LW | 0 | 0 | 0 | 0 | 2 | 2 | 1 | 1 | 16:55 | 0:28 | 0 | 0:17 | 0 | 33% |
3 | 0 | 1 |
| Dmitry Osipov | D | 0 | 0 | 0 | 0 | 0 | 0 | 0 | 0 | 14:15 | 1:22 | 0 | 2:01 | 0 | 0% |
0 | 0 | 2 |
| Dylan Coghlan | D | 0 | 1 | 1 | -1 | 0 | 0 | 1 | 3 | 31:51 | 2:41 | 0 | 4:18 | 0 | 0% |
0 | 0 | 1 |
| Ethan Del Mastro | D | 0 | 1 | 1 | 0 | 2 | 2 | 2 | 0 | 31:24 | 2:18 | 0 | 5:04 | 0 | 0% |
0 | 1 | 2 |
| Hayden Hodgson | RW | 0 | 0 | 0 | 0 | 0 | 1 | 0 | 0 | 3:31 | 1:36 | 0 | 0:00 | 0 | 0% |
0 | 0 | 0 |
| Jackson Cates | C/LW/RW | 1 | 0 | 1 | 0 | 0 | 2 | 5 | 0 | 15:49 | 0:09 | 0 | 0:00 | 0 | 0% |
2 | 1 | 0 |
| Marek Alscher | D | 0 | 0 | 0 | 0 | 0 | 0 | 0 | 0 | 5:28 | 0:24 | 0 | 0:00 | 0 | 0% |
0 | 0 | 0 |
| Mason Shaw | C/LW/RW | 0 | 1 | 1 | -1 | 2 | 1 | 2 | 1 | 22:33 | 2:17 | 0 | 0:56 | 0 | 56% |
16 | 1 | 0 |
| Mitchell Vande Sompel | D | 0 | 0 | 0 | 0 | 0 | 0 | 0 | 0 | 0:47 | 0:00 | 0 | 0:00 | 0 | 0% |
0 | 0 | 0 |
| Nick DeSimone | D | 0 | 0 | 0 | -1 | 0 | 1 | 1 | 1 | 20:49 | 0:00 | 0 | 2:33 | 0 | 0% |
0 | 0 | 1 |
| Oscar Eklind | C/LW | 0 | 0 | 0 | 0 | 0 | 2 | 0 | 0 | 16:59 | 1:18 | 0 | 1:54 | 0 | 0% |
1 | 0 | 0 |
| Ryan Schmelzer | C | 1 | 0 | 1 | -1 | 2 | 1 | 3 | 0 | 21:53 | 2:18 | 2 | 4:00 | 0 | 33% |
3 | 0 | 1 |
| Seamus Casey | D | 0 | 0 | 0 | 0 | 0 | 0 | 0 | 0 | 1:33 | 0:00 | 0 | 0:00 | 0 | 0% |
0 | 0 | 0 |
| Stephen Halliday | C | 0 | 0 | 0 | 0 | 0 | 3 | 0 | 0 | 17:14 | 1:22 | 0 | 3:20 | 0 | 33% |
6 | 0 | 0 |
| Tyler Madden | C | 0 | 0 | 0 | 0 | 2 | 0 | 0 | 0 | 11:56 | 0:00 | 0 | 0:12 | 0 | 0% |
0 | 0 | 0 |
Canucks
| Player Name |
POS |
G |
A |
P |
+/- |
PIM |
HIT |
SHT |
SB |
MP |
PP MP |
PP SHT |
PK MP |
PK SHT |
FO% |
FOT |
GA |
TA |
| Andreas Athanasiou | C/RW | 1 | 0 | 1 | -1 | 0 | 2 | 2 | 0 | 18:57 | 2:12 | 1 | 1:12 | 0 | 36% |
11 | 1 | 0 |
| Anton Blidh | LW | 0 | 0 | 0 | 0 | 2 | 1 | 1 | 0 | 12:17 | 0:00 | 0 | 0:28 | 0 | 0% |
1 | 0 | 0 |
| Austin Watson | LW | 1 | 4 | 5 | 1 | 0 | 2 | 7 | 0 | 21:11 | 4:30 | 1 | 0:39 | 1 | 0% |
1 | 1 | 0 |
| Brogan Rafferty | D | 0 | 0 | 0 | -1 | 0 | 2 | 2 | 2 | 23:29 | 5:00 | 0 | 2:06 | 0 | 0% |
0 | 0 | 0 |
| Dawson Barteaux | D | 0 | 0 | 0 | 0 | 0 | 0 | 0 | 0 | 3:43 | 0:00 | 0 | 0:00 | 0 | 0% |
0 | 0 | 0 |
| Dylan Duke | LW | 0 | 0 | 0 | -1 | 2 | 1 | 1 | 0 | 17:38 | 2:12 | 0 | 0:50 | 0 | 0% |
0 | 0 | 0 |
| Jesse Puljujarvi | RW | 3 | 2 | 5 | 2 | 0 | 0 | 7 | 1 | 25:48 | 4:37 | 4 | 2:08 | 0 | 40% |
5 | 1 | 0 |
| John Stevens | C | 0 | 0 | 0 | 1 | 0 | 0 | 0 | 0 | 7:40 | 0:00 | 0 | 0:18 | 0 | 0% |
1 | 0 | 0 |
| Max Szuber | D | 0 | 0 | 0 | 2 | 0 | 3 | 0 | 1 | 19:50 | 2:09 | 0 | 1:57 | 0 | 0% |
0 | 0 | 0 |
| Max Wanner | D | 0 | 0 | 0 | 0 | 0 | 1 | 0 | 0 | 13:03 | 0:00 | 0 | 0:05 | 0 | 0% |
0 | 0 | 0 |
| Michael Benning | D | 0 | 1 | 1 | 2 | 0 | 1 | 0 | 2 | 19:50 | 2:09 | 0 | 1:57 | 0 | 0% |
0 | 1 | 1 |
| Nils Aman | C/LW/RW | 1 | 3 | 4 | 1 | 0 | 1 | 6 | 1 | 23:07 | 4:37 | 3 | 2:16 | 0 | 59% |
29 | 0 | 0 |
| Oliver Kapanen | C | 0 | 0 | 0 | 0 | 0 | 0 | 3 | 0 | 12:19 | 0:20 | 0 | 0:00 | 0 | 50% |
4 | 0 | 0 |
| Oliver Okuliar | LW | 1 | 0 | 1 | 1 | 0 | 2 | 1 | 0 | 7:30 | 0:11 | 0 | 0:15 | 0 | 0% |
0 | 0 | 0 |
| Olle Lycksell | RW | 0 | 1 | 1 | -1 | 0 | 3 | 0 | 0 | 16:49 | 2:12 | 0 | 0:00 | 0 | 0% |
1 | 1 | 1 |
| Patrik Koch | D | 0 | 0 | 0 | 0 | 0 | 1 | 0 | 0 | 13:16 | 0:00 | 0 | 0:00 | 0 | 0% |
0 | 0 | 0 |
| Torey Krug | D | 0 | 2 | 2 | -1 | 2 | 1 | 2 | 0 | 26:48 | 5:00 | 1 | 2:01 | 0 | 0% |
0 | 3 | 1 |
| Will Lockwood | RW | 0 | 0 | 0 | 0 | 0 | 2 | 1 | 0 | 12:39 | 0:36 | 0 | 0:00 | 0 | 0% |
0 | 0 | 0 |
Islanders
| 5 vs 5 Forward |
|---|
| Line # | Left Wing | Center | Right Wing | PHY | DF | OF | Wanted % | Time % | Time Play |
| 1 | Ben Meyers | Mason Shaw | Ryan Schmelzer | 1 | 2 | 2 | 40 | 33% | 16:07
|
| 2 | Mason Shaw | Ben Meyers | Tyler Madden | 1 | 2 | 2 | 30 | 23% | 11:07
|
| 3 | Oscar Eklind | Ben Meyers | Stephen Halliday | 1 | 2 | 2 | 20 | 17% | 8:10
|
| 4 | Jackson Cates | Brendan Warren | Brandon Gignac | 1 | 2 | 2 | 10 | 27% | 13:24
|
| 5 vs 5 Defense |
|---|
| Line # | Defense | Defense | | PHY | DF | OF | Wanted % | Time % | Time Play |
| 1 | Dylan Coghlan | Nick DeSimone | | 1 | 2 | 2 | 40 | 41% | 19:48
|
| 2 | Ethan Del Mastro | Dylan Coghlan | | 1 | 2 | 2 | 30 | 24% | 11:31
|
| 3 | Dylan Coghlan | Ethan Del Mastro | | 1 | 2 | 2 | 20 | 12% | 5:47
|
| 4 | Artyom Levshunov | Ethan Del Mastro | | 1 | 2 | 2 | 10 | 24% | 11:42
|
| Power Play Forward |
|---|
| Line # | Left Wing | Center | Right Wing | PHY | DF | OF | Wanted % | Time % | Time Play |
| 1 | Mason Shaw | Ben Meyers | Ryan Schmelzer | 1 | 2 | 2 | 60 | 100% | 4:03
|
| 2 | Mason Shaw | Ben Meyers | Ryan Schmelzer | 1 | 2 | 2 | 40 | 0% | 0:00
|
| Power Play Defense |
|---|
| Line # | Defense | Defense | | PHY | DF | OF | Wanted % | Time % | Time Play |
| 1 | Dylan Coghlan | Ethan Del Mastro | | 1 | 2 | 2 | 60 | 100% | 4:03
|
| 2 | Ethan Del Mastro | Dylan Coghlan | | 1 | 2 | 2 | 40 | 0% | 0:00
|
| Penalty Kill 4 Players Forward |
|---|
| Line # | Center | Wing | PHY | DF | OF | Wanted % | Time % | Time Play |
| 1 | Ben Meyers | Ryan Schmelzer | 1 | 2 | 2 | 60 | 97% | 6:57
|
| 2 | Ben Meyers | Tyler Madden | 1 | 2 | 2 | 40 | 3% | 0:12
|
| Penalty Kill 4 Players Defense |
|---|
| Line # | Defense | Defense | PHY | DF | OF | Wanted % | Time % | Time Play |
| 1 | Ethan Del Mastro | Dylan Coghlan | 1 | 2 | 2 | 60 | 100% | 7:09
|
| 2 | Ethan Del Mastro | Dylan Coghlan | 1 | 2 | 2 | 40 | 0% | 0:00
|
| Penalty Kill 3 Players |
|---|
| Line # | Wing | PHY | DF | OF | Wanted % | Time % | Time Play | Defense | Defense | PHY | DF | OF | Wanted % | Time % | Time Play |
| 1 | Ben Meyers | 1 | 2 | 2 | 60 | 0% | 0:00
| Dylan Coghlan | Nick DeSimone | 1 | 2 | 2 | 60 | 0% | 0:00
|
| 2 | Brendan Warren | 1 | 2 | 2 | 40 | 0% | 0:00
| Dylan Coghlan | Ethan Del Mastro | 1 | 2 | 2 | 40 | 0% | 0:00
|
| 4 vs 4 Forward |
|---|
| Line # | Center | Wing | PHY | DF | OF | Wanted % | Time % | Time Play |
| 1 | Ben Meyers | Ryan Schmelzer | 1 | 2 | 2 | 60 | 0% | 0:00
|
| 2 | Mason Shaw | Jackson Cates | 1 | 2 | 2 | 40 | 0% | 0:00
|
| 4 vs 4 Defense |
|---|
| Line # | Defense | | PHY | DF | OF | Wanted % | Time % | Time Play |
| 1 | Ethan Del Mastro | Dylan Coghlan | 1 | 2 | 2 | 60 | 0% | 0:00
|
| 2 | Dylan Coghlan | Ethan Del Mastro | 1 | 2 | 2 | 40 | 0% | 0:00
|
| Last Minutes Offensive |
|---|
| Left Wing | Center | Right Wing | Defense | Defense |
| Ben Meyers | Mason Shaw | Ryan Schmelzer | Nick DeSimone | Dylan Coghlan |
| Last Minutes Defensive |
|---|
| Left Wing | Center | Right Wing | Defense | Defense |
| Ben Meyers | Mason Shaw | Ryan Schmelzer | Nick DeSimone | Dylan Coghlan |
| Time |
|---|
| Total Forward | Total Defense | Last Minutes Offensive | Last Minutes Defensive |
| 60:00 |
60:00 |
0:00 | 0:00 |
| Extra Forwards |
|---|
| Normal | PowerPlay | Penalty Kill |
|
Oscar Eklind, Brandon Gignac, Ben Meyers | Ben Meyers, Ryan Schmelzer | Stephen Halliday |
| Extra Defensemen |
|---|
| Normal | PowerPlay | Penalty Kill |
|
Dylan Coghlan, Nick DeSimone, Ethan Del Mastro | Dylan Coghlan, Nick DeSimone | Dylan Coghlan |
| Penalty Shots |
|---|
|
Oscar Eklind, Brandon Gignac, Ben Meyers, Ryan Schmelzer, Mason Shaw |
| Goalie |
|---|
| Marcus Hogberg, Dennis Hildeby |
| Scratches |
|---|
|
Ryan Hofer (Healthy), Jake Chiasson (Healthy), Josh Davies (Healthy), Justin Ertel (Healthy), Maxim Barbashev (Healthy)
Samuel Savoie (Healthy), Zac Funk (Healthy), Corey Andonovski (Healthy), Henri Nikkanen (Healthy), Ty Tullio (Healthy)
Thomas Milic (Healthy) |
Canucks
| 5 vs 5 Forward |
|---|
| Line # | Left Wing | Center | Right Wing | PHY | DF | OF | Wanted % | Time % | Time Play |
| 1 | Austin Watson | Nils Aman | Jesse Puljujarvi | 1 | 2 | 2 | 40 | 33% | 16:13
|
| 2 | Dylan Duke | Andreas Athanasiou | Olle Lycksell | 1 | 2 | 2 | 30 | 30% | 14:26
|
| 3 | Anton Blidh | Oliver Kapanen | Will Lockwood | 1 | 2 | 2 | 20 | 23% | 11:08
|
| 4 | Oliver Okuliar | John Stevens | Jesse Puljujarvi | 1 | 2 | 2 | 10 | 14% | 7:01
|
| 5 vs 5 Defense |
|---|
| Line # | Defense | Defense | | PHY | DF | OF | Wanted % | Time % | Time Play |
| 1 | Torey Krug | Brogan Rafferty | | 1 | 2 | 2 | 40 | 34% | 16:23
|
| 2 | Max Szuber | Michael Benning | | 1 | 2 | 2 | 30 | 32% | 15:44
|
| 3 | Patrik Koch | Max Wanner | | 1 | 2 | 2 | 20 | 27% | 12:58
|
| 4 | Dawson Barteaux | Torey Krug | | 1 | 2 | 2 | 10 | 8% | 3:43
|
| Power Play Forward |
|---|
| Line # | Left Wing | Center | Right Wing | PHY | DF | OF | Wanted % | Time % | Time Play |
| 1 | Austin Watson | Nils Aman | Jesse Puljujarvi | 1 | 2 | 2 | 60 | 67% | 4:46
|
| 2 | Dylan Duke | Andreas Athanasiou | Olle Lycksell | 1 | 2 | 2 | 40 | 33% | 2:23
|
| Power Play Defense |
|---|
| Line # | Defense | Defense | | PHY | DF | OF | Wanted % | Time % | Time Play |
| 1 | Torey Krug | Brogan Rafferty | | 1 | 2 | 2 | 60 | 70% | 5:00
|
| 2 | Max Szuber | Michael Benning | | 1 | 2 | 2 | 40 | 30% | 2:09
|
| Penalty Kill 4 Players Forward |
|---|
| Line # | Center | Wing | PHY | DF | OF | Wanted % | Time % | Time Play |
| 1 | Jesse Puljujarvi | Nils Aman | 1 | 2 | 2 | 60 | 84% | 3:24
|
| 2 | Austin Watson | Andreas Athanasiou | 1 | 2 | 2 | 40 | 16% | 0:39
|
| Penalty Kill 4 Players Defense |
|---|
| Line # | Defense | Defense | PHY | DF | OF | Wanted % | Time % | Time Play |
| 1 | Torey Krug | Brogan Rafferty | 1 | 2 | 2 | 60 | 52% | 2:06
|
| 2 | Max Szuber | Michael Benning | 1 | 2 | 2 | 40 | 48% | 1:57
|
| Penalty Kill 3 Players |
|---|
| Line # | Wing | PHY | DF | OF | Wanted % | Time % | Time Play | Defense | Defense | PHY | DF | OF | Wanted % | Time % | Time Play |
| 1 | Jesse Puljujarvi | 1 | 2 | 2 | 60 | 0% | 0:00
| Torey Krug | Brogan Rafferty | 1 | 2 | 2 | 60 | 0% | 0:00
|
| 2 | Nils Aman | 1 | 2 | 2 | 40 | 0% | 0:00
| Max Szuber | Michael Benning | 1 | 2 | 2 | 40 | 0% | 0:00
|
| 4 vs 4 Forward |
|---|
| Line # | Center | Wing | PHY | DF | OF | Wanted % | Time % | Time Play |
| 1 | Jesse Puljujarvi | Nils Aman | 1 | 2 | 2 | 60 | 0% | 0:00
|
| 2 | Austin Watson | Andreas Athanasiou | 1 | 2 | 2 | 40 | 0% | 0:00
|
| 4 vs 4 Defense |
|---|
| Line # | Defense | | PHY | DF | OF | Wanted % | Time % | Time Play |
| 1 | Torey Krug | Brogan Rafferty | 1 | 2 | 2 | 60 | 0% | 0:00
|
| 2 | Max Szuber | Michael Benning | 1 | 2 | 2 | 40 | 0% | 0:00
|
| Last Minutes Offensive |
|---|
| Left Wing | Center | Right Wing | Defense | Defense |
| Austin Watson | Nils Aman | Jesse Puljujarvi | Torey Krug | Brogan Rafferty |
| Last Minutes Defensive |
|---|
| Left Wing | Center | Right Wing | Defense | Defense |
| Austin Watson | Nils Aman | Jesse Puljujarvi | Torey Krug | Brogan Rafferty |
| Time |
|---|
| Total Forward | Total Defense | Last Minutes Offensive | Last Minutes Defensive |
| 60:00 |
60:00 |
0:00 | 0:00 |
| Extra Forwards |
|---|
| Normal | PowerPlay | Penalty Kill |
|
Will Lockwood, Oliver Kapanen, Anton Blidh | Will Lockwood, Oliver Kapanen | Anton Blidh |
| Extra Defensemen |
|---|
| Normal | PowerPlay | Penalty Kill |
|
Patrik Koch, Max Wanner, Dawson Barteaux | Patrik Koch, Max Wanner | Dawson Barteaux |
| Penalty Shots |
|---|
|
Jesse Puljujarvi, Nils Aman, Austin Watson, Andreas Athanasiou, Olle Lycksell |
| Goalie |
|---|
| Cayden Primeau, Carl Lindbom |
| Scratches |
|---|
|
Alexis Gendron (Healthy), Daylan Kuefler (Healthy), Gabriel Dumont (Healthy), Will MacKinnon (Healthy), Will Zmolek (Healthy)
Jackson Edward (Healthy), Kaleb Lawrence (Healthy), Marc-Andre Gaudet (Healthy), Max Dorrington (Healthy), Nicolas Mattinen (Healthy)
Will Dineen (Healthy), Peter DiLiberatore (Healthy), Max Willman (Healthy), Damian Clara (Healthy), Ruslan Khazheyev (Healthy)
Will Cranley (Healthy) |
Play-by-Play
1st period
0:01 of 1st period - Nils Aman wins face-off versus Mason Shaw in neutral zone.
0:10 of 1st period - Slapshot by Jesse Puljujarvi.
0:10 of 1st period - Shot Misses the Net.
0:14 of 1st period - Slapshot by Nils Aman.
0:14 of 1st period - Shot Misses the Net.
0:16 of 1st period - Slapshot by Brogan Rafferty.
0:16 of 1st period - Stopped by Marcus Hogberg without a rebound.
0:17 of 1st period - Ben Meyers wins face-off versus Andreas Athanasiou in Islanders zone.
0:24 of 1st period - Slapshot by Dylan Coghlan.
0:24 of 1st period - Shot Blocked by Michael Benning.
0:44 of 1st period - Max Szuber is hit by Jackson Cates and loses puck.
0:53 of 1st period - Dylan Coghlan is hit by Max Wanner.
1:03 of 1st period - Austin Watson is hit by Stephen Halliday and loses puck.
1:29 of 1st period - Off-side.
1:30 of 1st period - Mason Shaw wins face-off versus Andreas Athanasiou in neutral zone.
1:57 of 1st period - Snap shot by Oliver Kapanen.
1:57 of 1st period - Deflect By Dylan Coghlan.
1:57 of 1st period - Shot Blocked by Brendan Warren.
1:57 of 1st period - Puck is out of play.
1:58 of 1st period - Ben Meyers wins face-off versus Oliver Kapanen in Islanders zone.
2:03 of 1st period - Slapshot by Ethan Del Mastro.
2:03 of 1st period - Deflect By Michael Benning.
2:03 of 1st period - Stopped by Cayden Primeau with a rebound.
2:33 of 1st period - Wrist shot by Nils Aman.
2:33 of 1st period - Deflect By Austin Watson.
2:33 of 1st period - Stopped by Marcus Hogberg with a rebound.
3:22 of 1st period - Ryan Schmelzer is hit by Anton Blidh and loses puck.
3:59 of 1st period - Nick DeSimone is hit by Andreas Athanasiou and loses puck.
4:12 of 1st period - Michael Benning is hit by Brandon Gignac.
4:16 of 1st period - Brendan Warren is hit by Michael Benning and loses puck.
4:49 of 1st period - Slapshot by Nick DeSimone.
4:49 of 1st period - Stopped by Cayden Primeau with a rebound.
4:55 of 1st period - Slapshot by Dylan Coghlan.
4:55 of 1st period - Shot Blocked by Michael Benning.
4:57 of 1st period - Snap shot by Jackson Cates.
4:57 of 1st period - Shot Misses the Net.
4:59 of 1st period - Snap shot by Jackson Cates.
4:59 of 1st period - Stopped by Cayden Primeau with a rebound.
5:09 of 1st period - Snap shot by Jackson Cates.
5:09 of 1st period - Stopped by Cayden Primeau with a rebound.
5:11 of 1st period - Slapshot by Dylan Coghlan.
5:11 of 1st period - Deflect By Brendan Warren.
5:11 of 1st period - Stopped by Cayden Primeau with a rebound.
5:13 of 1st period - Slapshot by Brendan Warren.
5:13 of 1st period - Shot Misses the Net.
5:19 of 1st period - Wrist shot by Jackson Cates.
5:19 of 1st period - Stopped by Cayden Primeau without a rebound.
5:20 of 1st period - Mason Shaw wins face-off versus Andreas Athanasiou in Canucks zone.
5:45 of 1st period - Brogan Rafferty is hit by Ethan Del Mastro and loses puck.
6:36 of 1st period - Torey Krug is hit by Stephen Halliday and loses puck.
9:03 of 1st period - Icing by Olle Lycksell.
9:04 of 1st period - Nils Aman wins face-off versus Jackson Cates in Canucks zone.
9:31 of 1st period - Slapshot by Oliver Kapanen.
9:31 of 1st period - Shot Misses the Net.
9:33 of 1st period - Slapshot by Oliver Kapanen.
9:33 of 1st period - Stopped by Marcus Hogberg with a rebound.
10:06 of 1st period - Slapshot by Austin Watson.
10:06 of 1st period - Deflect By Nils Aman.
10:06 of 1st period - Shot Blocked by Nick DeSimone.
10:06 of 1st period - Puck is out of play.
10:07 of 1st period - Nils Aman wins face-off versus Mason Shaw in Islanders zone.
10:20 of 1st period - Nils Aman is hit by Brendan Warren.
10:36 of 1st period - Wrist shot by Olle Lycksell.
10:36 of 1st period - Shot Misses the Net.
11:33 of 1st period - John Stevens is hit by Stephen Halliday and loses puck.
11:50 of 1st period - Slapshot by Dylan Duke.
11:50 of 1st period - Shot Misses the Net.
11:52 of 1st period - Wrist shot by Brogan Rafferty.
11:52 of 1st period - Stopped by Marcus Hogberg without a rebound.
11:53 of 1st period - Oliver Kapanen wins face-off versus Stephen Halliday in Islanders zone.
11:56 of 1st period - Snap shot by Oliver Kapanen.
11:56 of 1st period - Shot Misses the Net.
11:58 of 1st period - Wrist shot by Oliver Kapanen.
11:58 of 1st period - Stopped by Marcus Hogberg with a rebound.
12:00 of 1st period - Slapshot by Will Lockwood.
12:00 of 1st period - Deflect By Anton Blidh.
12:00 of 1st period - Stopped by Marcus Hogberg with a rebound.
13:15 of 1st period - Snap shot by Oliver Kapanen.
13:15 of 1st period - Stopped by Marcus Hogberg with a rebound.
13:37 of 1st period - Snap shot by Nils Aman.
13:37 of 1st period - Shot Misses the Net.
13:39 of 1st period - Wrist shot by Jesse Puljujarvi.
13:39 of 1st period - Shot Misses the Net.
14:41 of 1st period - Dawson Barteaux is hit by Oscar Eklind and loses puck.
15:46 of 1st period - Wrist shot by Jesse Puljujarvi.
15:46 of 1st period - Shot Blocked by Dylan Coghlan.
15:53 of 1st period - Icing by Nick DeSimone.
15:54 of 1st period - Andreas Athanasiou wins face-off versus Ryan Schmelzer in Islanders zone.
16:14 of 1st period - Snap shot by Nils Aman.
16:14 of 1st period - Stopped by Marcus Hogberg without a rebound.
16:15 of 1st period - Nils Aman wins face-off versus Jackson Cates in Islanders zone.
16:22 of 1st period - Snap shot by Nils Aman.
16:22 of 1st period - Stopped by Marcus Hogberg with a rebound.
16:42 of 1st period - Off-side.
16:43 of 1st period - Andreas Athanasiou wins face-off versus Ben Meyers in neutral zone.
17:00 of 1st period - Torey Krug is hit by Oscar Eklind and loses puck.
17:20 of 1st period - Minor Penalty to Ben Meyers for Hooking.
17:21 of 1st period - Nils Aman wins face-off versus Stephen Halliday in Islanders zone.
17:25 of 1st period - Brogan Rafferty is hit by Ethan Del Mastro.
17:29 of 1st period - Wrist shot by Austin Watson.
17:29 of 1st period - Stopped by Marcus Hogberg without a rebound.
17:30 of 1st period - Stephen Halliday wins face-off versus Nils Aman in Islanders zone.
17:35 of 1st period - Slapshot by Stephen Halliday.
17:35 of 1st period - Deflect By Ryan Schmelzer.
17:35 of 1st period - Shot Blocked by Jesse Puljujarvi.
17:35 of 1st period - Puck is out of play.
17:36 of 1st period - Nils Aman wins face-off versus Stephen Halliday in Canucks zone.
17:41 of 1st period - Wrist shot by Nils Aman.
17:41 of 1st period - Stopped by Marcus Hogberg with a rebound.
17:56 of 1st period - Icing by Torey Krug.
17:57 of 1st period - Nils Aman wins face-off versus Stephen Halliday in Canucks zone.
18:06 of 1st period - Slapshot by Austin Watson.
18:06 of 1st period - Shot Misses the Net.
18:08 of 1st period - Wrist shot by Torey Krug.
18:08 of 1st period - Stopped by Marcus Hogberg without a rebound.
18:09 of 1st period - Stephen Halliday wins face-off versus Andreas Athanasiou in Islanders zone.
18:09 of 1st period - Stephen Halliday is hit by Torey Krug.
18:40 of 1st period - Wrist shot by Nils Aman.
18:40 of 1st period - Shot Misses the Net.
18:52 of 1st period - Wrist shot by Andreas Athanasiou.
18:52 of 1st period - Shot Misses the Net.
18:54 of 1st period - Snap shot by Olle Lycksell.
18:54 of 1st period - Shot Misses the Net.
18:56 of 1st period - Snap shot by Andreas Athanasiou.
18:56 of 1st period - Goal by Andreas Athanasiou - Islanders : 0 - Canucks : 1.
18:57 of 1st period - Ben Meyers wins face-off versus Nils Aman in neutral zone.
19:04 of 1st period - Wrist shot by Ben Meyers.
19:04 of 1st period - Goal by Ben Meyers - Islanders : 1 - Canucks : 1.
19:05 of 1st period - Mason Shaw wins face-off versus Nils Aman in neutral zone.
19:14 of 1st period - Snap shot by Ben Meyers.
19:14 of 1st period - Stopped by Cayden Primeau without a rebound.
19:15 of 1st period - Mason Shaw wins face-off versus Nils Aman in Canucks zone.
19:16 of 1st period - Snap shot by Ryan Schmelzer.
19:16 of 1st period - Shot Misses the Net.
19:36 of 1st period - Snap shot by Jesse Puljujarvi.
19:36 of 1st period - Stopped by Marcus Hogberg with a rebound.
19:48 of 1st period - Icing by Dylan Coghlan.
19:49 of 1st period - Mason Shaw wins face-off versus Andreas Athanasiou in Islanders zone.
19:49 of 1st period - Mason Shaw is hit by Dylan Duke.
Goals for this period are 1 for Islanders vs 1 for Canucks.
Shots for this period are 8 for Islanders vs 14 for Canucks.
2nd period
0:01 of 2nd period - Nils Aman wins face-off versus Ryan Schmelzer in neutral zone.
0:17 of 2nd period - Backhand shot by Nils Aman.
0:17 of 2nd period - Shot Blocked by Dylan Coghlan.
0:33 of 2nd period - Slapshot by Jackson Cates.
0:33 of 2nd period - Goal by Jackson Cates - Islanders : 2 - Canucks : 1.
0:34 of 2nd period - Nils Aman wins face-off versus Mason Shaw in neutral zone.
1:03 of 2nd period - Backhand shot by Dylan Coghlan.
1:03 of 2nd period - Deflect By Brandon Gignac.
1:03 of 2nd period - Shot Blocked by Brogan Rafferty.
1:03 of 2nd period - Puck is out of play.
1:04 of 2nd period - Brendan Warren wins face-off versus Andreas Athanasiou in Canucks zone.
1:07 of 2nd period - Snap shot by Brandon Gignac.
1:07 of 2nd period - Deflect By Jackson Cates.
1:07 of 2nd period - Shot Misses the Net.
1:07 of 2nd period - Puck is out of play.
1:08 of 2nd period - Brandon Gignac wins face-off versus Austin Watson in Canucks zone.
1:23 of 2nd period - Snap shot by Jesse Puljujarvi.
1:23 of 2nd period - Shot Blocked by Brandon Gignac.
1:25 of 2nd period - Wrist shot by Nils Aman.
1:25 of 2nd period - Deflect By Austin Watson.
1:25 of 2nd period - Goal by Austin Watson - Islanders : 2 - Canucks : 2.
1:26 of 2nd period - Mason Shaw wins face-off versus Jesse Puljujarvi in neutral zone.
2:43 of 2nd period - Nick DeSimone is hit by Max Szuber.
3:59 of 2nd period - Dylan Coghlan is hit by Patrik Koch and loses puck.
4:36 of 2nd period - Backhand shot by Andreas Athanasiou.
4:36 of 2nd period - Shot Misses the Net.
5:55 of 2nd period - Ben Meyers is hit by Max Szuber and loses puck.
6:47 of 2nd period - Snap shot by Olle Lycksell.
6:47 of 2nd period - Shot Misses the Net.
6:49 of 2nd period - Minor Penalty to Ethan Del Mastro for Hooking.
6:50 of 2nd period - Nils Aman wins face-off versus Ben Meyers in Islanders zone.
6:57 of 2nd period - Wrist shot by Nils Aman.
6:57 of 2nd period - Stopped by Marcus Hogberg without a rebound.
6:58 of 2nd period - Ben Meyers wins face-off versus Nils Aman in Islanders zone.
7:15 of 2nd period - Backhand shot by Jesse Puljujarvi.
7:15 of 2nd period - Stopped by Marcus Hogberg with a rebound.
7:17 of 2nd period - Wrist shot by Jesse Puljujarvi.
7:17 of 2nd period - Goal by Jesse Puljujarvi - Islanders : 2 - Canucks : 3.
7:18 of 2nd period - Ryan Schmelzer wins face-off versus Nils Aman in neutral zone.
7:21 of 2nd period - Austin Watson is hit by Ben Meyers and loses puck.
7:30 of 2nd period - Wrist shot by Jesse Puljujarvi.
7:30 of 2nd period - Goal by Jesse Puljujarvi - Islanders : 2 - Canucks : 4.
7:30 of 2nd period - Dennis Hildeby enters game.
7:31 of 2nd period - Nils Aman wins face-off versus Mason Shaw in neutral zone.
7:34 of 2nd period - Wrist shot by Austin Watson.
7:34 of 2nd period - Stopped by Dennis Hildeby without a rebound.
7:35 of 2nd period - Nils Aman wins face-off versus Mason Shaw in Islanders zone.
8:44 of 2nd period - Wrist shot by Oliver Okuliar.
8:44 of 2nd period - Goal by Oliver Okuliar - Islanders : 2 - Canucks : 5.
8:45 of 2nd period - Nils Aman wins face-off versus Mason Shaw in neutral zone.
8:55 of 2nd period - Austin Watson is hit by Ryan Schmelzer and loses puck.
9:14 of 2nd period - Slapshot by Nick DeSimone.
9:14 of 2nd period - Deflect By Brandon Gignac.
9:14 of 2nd period - Stopped by Cayden Primeau with a rebound.
9:16 of 2nd period - Snap shot by Brendan Warren.
9:16 of 2nd period - Shot Misses the Net.
9:18 of 2nd period - Wrist shot by Jackson Cates.
9:18 of 2nd period - Shot Misses the Net.
9:42 of 2nd period - Nick DeSimone is hit by Andreas Athanasiou and loses puck.
10:09 of 2nd period - Snap shot by Mason Shaw.
10:09 of 2nd period - Stopped by Cayden Primeau without a rebound.
10:10 of 2nd period - Oliver Kapanen wins face-off versus Oscar Eklind in Canucks zone.
10:14 of 2nd period - Off-side.
10:15 of 2nd period - Mason Shaw wins face-off versus Oliver Kapanen in neutral zone.
11:07 of 2nd period - Icing by Brogan Rafferty.
11:08 of 2nd period - Ben Meyers wins face-off versus John Stevens in Canucks zone.
11:28 of 2nd period - Minor Penalty to Torey Krug for Roughing.
11:29 of 2nd period - Ben Meyers wins face-off versus Jesse Puljujarvi in Canucks zone.
11:31 of 2nd period - Snap shot by Ryan Schmelzer.
11:31 of 2nd period - Stopped by Cayden Primeau with a rebound.
11:33 of 2nd period - Snap shot by Ryan Schmelzer.
11:33 of 2nd period - Goal by Ryan Schmelzer - Islanders : 3 - Canucks : 5.
11:34 of 2nd period - Mason Shaw wins face-off versus Nils Aman in neutral zone.
11:45 of 2nd period - Slapshot by Torey Krug.
11:45 of 2nd period - Stopped by Dennis Hildeby with a rebound.
11:47 of 2nd period - Snap shot by Nils Aman.
11:47 of 2nd period - Stopped by Dennis Hildeby with a rebound.
12:01 of 2nd period - Andreas Athanasiou is hit by Jackson Cates and loses puck.
12:50 of 2nd period - Snap shot by Jesse Puljujarvi.
12:50 of 2nd period - Deflect By Austin Watson.
12:50 of 2nd period - Stopped by Dennis Hildeby without a rebound.
12:51 of 2nd period - Nils Aman wins face-off versus Brandon Gignac in Islanders zone.
12:54 of 2nd period - Slapshot by Nils Aman.
12:54 of 2nd period - Shot Misses the Net.
13:04 of 2nd period - Wrist shot by Mason Shaw.
13:04 of 2nd period - Shot Blocked by Nils Aman.
13:14 of 2nd period - Ben Meyers is hit by Olle Lycksell and loses puck.
13:25 of 2nd period - Snap shot by Andreas Athanasiou.
13:25 of 2nd period - Stopped by Dennis Hildeby without a rebound.
13:26 of 2nd period - Nils Aman wins face-off versus Brendan Warren in Islanders zone.
13:27 of 2nd period - Wrist shot by Jesse Puljujarvi.
13:27 of 2nd period - Shot Misses the Net.
13:41 of 2nd period - Slapshot by Jesse Puljujarvi.
13:41 of 2nd period - Shot Misses the Net.
13:43 of 2nd period - Snap shot by Austin Watson.
13:43 of 2nd period - Stopped by Dennis Hildeby with a rebound.
14:08 of 2nd period - Minor Penalty to Mason Shaw for Tripping.
14:09 of 2nd period - Ben Meyers wins face-off versus Nils Aman in Islanders zone.
14:36 of 2nd period - Ethan Del Mastro is hit by Brogan Rafferty and loses puck.
16:08 of 2nd period - Penalty to Mason Shaw is over, Mason Shaw is back on ice.
16:40 of 2nd period - Snap shot by Jackson Cates.
16:40 of 2nd period - Shot Misses the Net.
16:58 of 2nd period - Minor Penalty to Anton Blidh for Interference.
16:59 of 2nd period - Ben Meyers wins face-off versus Jesse Puljujarvi in Canucks zone.
18:58 of 2nd period - Penalty to Anton Blidh is over, Anton Blidh is back on ice.
18:59 of 2nd period - Slapshot by Ethan Del Mastro.
18:59 of 2nd period - Stopped by Cayden Primeau with a rebound.
19:01 of 2nd period - Wrist shot by Brandon Gignac.
19:01 of 2nd period - Stopped by Cayden Primeau with a rebound.
Goals for this period are 2 for Islanders vs 4 for Canucks.
Shots for this period are 7 for Islanders vs 12 for Canucks.
3rd period
0:01 of 3rd period - Mason Shaw wins face-off versus Nils Aman in neutral zone.
0:12 of 3rd period - Snap shot by Ryan Schmelzer.
0:12 of 3rd period - Stopped by Cayden Primeau with a rebound.
0:41 of 3rd period - Minor Penalty to Brendan Warren for High sticking.
0:42 of 3rd period - Ben Meyers wins face-off versus Nils Aman in Islanders zone.
0:51 of 3rd period - Wrist shot by Jesse Puljujarvi.
0:51 of 3rd period - Stopped by Dennis Hildeby without a rebound.
0:52 of 3rd period - Nils Aman wins face-off versus Ben Meyers in Islanders zone.
1:07 of 3rd period - Wrist shot by Jesse Puljujarvi.
1:07 of 3rd period - Shot Blocked by Dylan Coghlan.
1:33 of 3rd period - Wrist shot by Jesse Puljujarvi.
1:33 of 3rd period - Goal by Jesse Puljujarvi - Islanders : 3 - Canucks : 6.
1:34 of 3rd period - Andreas Athanasiou wins face-off versus Ben Meyers in neutral zone.
1:36 of 3rd period - Off-side.
1:37 of 3rd period - Ben Meyers wins face-off versus Olle Lycksell in neutral zone.
1:48 of 3rd period - Snap shot by Mason Shaw.
1:48 of 3rd period - Shot Blocked by Max Szuber.
1:50 of 3rd period - Wrist shot by Ben Meyers.
1:50 of 3rd period - Stopped by Cayden Primeau with a rebound.
1:52 of 3rd period - Snap shot by Mason Shaw.
1:52 of 3rd period - Stopped by Cayden Primeau with a rebound.
2:02 of 3rd period - Brandon Gignac is hit by Max Szuber.
2:34 of 3rd period - Snap shot by Jesse Puljujarvi.
2:34 of 3rd period - Stopped by Dennis Hildeby with a rebound.
2:40 of 3rd period - Snap shot by Nils Aman.
2:40 of 3rd period - Shot Misses the Net.
2:42 of 3rd period - Wrist shot by Max Szuber.
2:42 of 3rd period - Shot Blocked by Mason Shaw.
2:59 of 3rd period - Minor Penalty to Ryan Schmelzer for Cross-checking.
3:00 of 3rd period - Ben Meyers wins face-off versus Andreas Athanasiou in Islanders zone.
4:33 of 3rd period - Dmitry Osipov is hit by Olle Lycksell and loses puck.
4:54 of 3rd period - Ethan Del Mastro is hit by Will Lockwood and loses puck.
4:59 of 3rd period - Penalty to Ryan Schmelzer is over, Ryan Schmelzer is back on ice.
5:53 of 3rd period - Minor Penalty to Tyler Madden for Tripping.
5:54 of 3rd period - Ben Meyers wins face-off versus Nils Aman in Islanders zone.
6:04 of 3rd period - Wrist shot by Torey Krug.
6:04 of 3rd period - Shot Misses the Net.
6:08 of 3rd period - Wrist shot by Nils Aman.
6:08 of 3rd period - Goal by Nils Aman - Islanders : 3 - Canucks : 7.
6:09 of 3rd period - Ben Meyers wins face-off versus Nils Aman in neutral zone.
6:12 of 3rd period - Slapshot by Dylan Coghlan.
6:12 of 3rd period - Stopped by Cayden Primeau without a rebound.
6:13 of 3rd period - Nils Aman wins face-off versus Mason Shaw in Canucks zone.
6:29 of 3rd period - Ethan Del Mastro is hit by Nils Aman and loses puck.
6:40 of 3rd period - Snap shot by Dylan Duke.
6:40 of 3rd period - Stopped by Dennis Hildeby with a rebound.
6:48 of 3rd period - Slapshot by Ethan Del Mastro.
6:48 of 3rd period - Shot Blocked by Brogan Rafferty.
6:50 of 3rd period - Wrist shot by Jackson Cates.
6:50 of 3rd period - Shot Misses the Net.
7:13 of 3rd period - Will Lockwood is hit by Mason Shaw.
8:05 of 3rd period - Max Szuber is hit by Artyom Levshunov and loses puck.
9:01 of 3rd period - Olle Lycksell is hit by Nick DeSimone and loses puck.
9:36 of 3rd period - Ethan Del Mastro is hit by Will Lockwood.
10:33 of 3rd period - Oliver Okuliar is hit by Brendan Warren.
11:38 of 3rd period - Ryan Schmelzer is hit by Oliver Okuliar and loses puck.
11:59 of 3rd period - Snap shot by Will Lockwood.
11:59 of 3rd period - Stopped by Dennis Hildeby with a rebound.
15:33 of 3rd period - Ryan Schmelzer is hit by Austin Watson and loses puck.
16:16 of 3rd period - Dmitry Osipov is hit by Oliver Okuliar and loses puck.
16:37 of 3rd period - Nick DeSimone is hit by Olle Lycksell and loses puck.
16:48 of 3rd period - Brandon Gignac is hit by Austin Watson and loses puck.
17:01 of 3rd period - Stephen Halliday is hit by Brogan Rafferty and loses puck.
17:47 of 3rd period - Minor Penalty to Dylan Duke for Tripping.
17:48 of 3rd period - Jesse Puljujarvi wins face-off versus Ben Meyers in Canucks zone.
18:15 of 3rd period - Icing by Dylan Coghlan.
18:16 of 3rd period - Ben Meyers wins face-off versus Anton Blidh in Islanders zone.
18:28 of 3rd period - Icing by Dylan Coghlan.
18:29 of 3rd period - Jesse Puljujarvi wins face-off versus Ben Meyers in Islanders zone.
19:22 of 3rd period - Wrist shot by Austin Watson.
19:22 of 3rd period - Stopped by Dennis Hildeby with a rebound.
19:44 of 3rd period - Oliver Okuliar is hit by Hayden Hodgson and loses puck.
19:47 of 3rd period - Penalty to Dylan Duke is over, Dylan Duke is back on ice.
19:55 of 3rd period - Backhand shot by Jackson Cates.
19:55 of 3rd period - Stopped by Cayden Primeau without a rebound.
19:56 of 3rd period - Andreas Athanasiou wins face-off versus Brendan Warren in Canucks zone.
Goals for this period are 0 for Islanders vs 2 for Canucks.
Shots for this period are 5 for Islanders vs 7 for Canucks.